 Dungeon Crawl Stone Soup version 0.30.1 (webtiles) character file.

Game seed: 5085717325491891715

10355 Graphine the Destroyer (level 11, -11/84 HPs)
             Began as a Demonspawn Conjurer on July 6, 2023.
             Was an Initiate of Gozag.
             Shot with an arrow by a centaur warrior (26 damage)
             ... on level 10 of the Dungeon.
             The game lasted 00:47:07 (15067 turns).

Graphine the Destroyer (Demonspawn Conjurer)       Turns: 15067, Time: 00:47:07

Health: -11/84     AC:  5    Str:  7    XL:     11   Next: 35%
Magic:  2/21       EV: 29    Int: 32    God:    Gozag
Gold:   2633       SH: 10    Dex: 11    Spells: 12/24 levels left

rFire   . . .        z - +2 sling "Kyessea" {freeze, rN+++ Int+7}
rCold   . . .        (no shield)
rNeg    + + +        a - +0 robe
rPois   .            (helmet unavailable)
rElec   .            t - scarf {harm}
rCorr   .            (no gloves)
SInv    +            H - +2 pair of boots
Will    +....        e - amulet of the acrobat
Stlth   +++          d - ring of flight
HPRegen 0.34/turn    n - ring of willpower
MPRegen 0.17/turn

%: harm (+30% outgoing, +20% incoming), acrobat
@: acrobatic, flying, very slightly contaminated, hasted, very quick
A: antennae 3, large bone plates 2, spiny 1, condensation shield
a: Renounce Religion, Potion Petition, Call Merchant, Bribe Branch


You were on level 10 of the Dungeon.
You worshipped Gozag.
Gozag was most pleased with you.
You visited 1 branch of the dungeon, and saw 10 of its levels.
You also visited: Sewer, Ossuary and Bailey.

You collected 2923 gold pieces.
You paid 290 gold pieces to Gozag.

Inventory:

Hand Weapons
 i - a +1 dagger
 z - the +2 sling "Kyessea" (weapon) {freeze, rN+++ Int+7}
   (You found it on level 6 of the Dungeon)

   Int:       It affects your intelligence (+7).
   rN:        It renders you almost immune to negative energy.
 N - a +3 dagger of distortion
Missiles
 B - 10 throwing nets
Armour
 a - a +0 robe (worn)
 o - an orb of guile
 t - a scarf of harm (worn)
 v - the +0 ring mail "Tumomuf" {Harm Dex-4 SInv Stlth+}
   (You found it on level 5 of the Dungeon)

   Dex:       It affects your dexterity (-4).
   SInv:      It lets you see invisible.
   Harm:      It increases damage dealt and taken.
   Stlth:     It makes you more stealthy.
 w - the +3 leather armour of Shielding {rElec rC+ Dex-4}
   (You took it off an orc on level 5 of the Dungeon)

   Dex:       It affects your dexterity (-4).
   rC:        It protects you from cold.
   rElec:     It insulates you from electricity.
 x - a +0 kite shield
 H - a +2 pair of boots (worn)
Magical Staves
 U - a staff of cold
 W - the staff of earth "Fieq" {rPois rN+ MP+9 Str+3}
   (You found it in a bailey)

   [staff of earth]

   Base accuracy: +5 Base damage: 5 Base attack delay: 1.2 This weapon's minimum
   attack delay (0.6) is reached at skill level 12.
   Str:       It affects your strength (+3).
   rPois:     It protects you from poison.
   rN:        It protects you from negative energy.
   MP:        It affects your magic capacity (+9).
   It falls into the 'Staves' category.
   It is a one-handed weapon.
Jewellery
 b - a ring of positive energy
 d - a ring of flight (left hand)
 e - an amulet of the acrobat (around neck)
 n - a ring of willpower (right hand)
 s - a +6 ring of strength
Wands
 g - a wand of polymorph (4)
 k - a wand of flame (30)
 q - a wand of digging (4)
 D - a wand of mindburst (31)
 I - a wand of iceblast (6)
 R - a wand of paralysis (4)
 T - a wand of light (3)
Scrolls
 h - 6 scrolls of fog
 l - a scroll of teleportation
 m - 3 scrolls of identify
 p - 3 scrolls of enchant weapon
 u - 2 scrolls of magic mapping
 E - a scroll of brand weapon {unknown}
 G - 2 scrolls of fear
 K - a scroll of amnesia
 P - 2 scrolls of blinking
 Q - a scroll of enchant armour
 S - a scroll of torment {unknown}
Potions
 c - 5 potions of curing
 f - 2 potions of haste
 j - a potion of might {unknown}
 r - 2 potions of mutation
 A - a potion of berserk rage
 C - 2 potions of magic
 F - a potion of invisibility {unknown}
 J - a potion of attraction {unknown}
 L - a potion of lignification {unknown}
 O - 2 potions of resistance {unknown}
Miscellaneous
 V - a phantom mirror


   Skills:
 * Level 7.2 Fighting
 * Level 7.1 Dodging
 - Level 5.3 Stealth
 * Level 7.1 Spellcasting
 * Level 8.4 Conjurations
 + Level 5.1 Hexes
 + Level 4.5 Ice Magic
 + Level 4.4 Air Magic
 + Level 0.3 Evocations


You had 12 spell levels left.
You knew the following spells:

 Your Spells              Type           Power      Damage    Failure   Level
a - Magic Dart            Conj           100%       1d8       1%          1
b - Searing Ray           Conj           100%       2d8       1%          2
c - Fulminant Prism       Conj/Hex       26%        3d14      2%          4
d - Freezing Cloud        Conj/Ice/Air   24%        6-21      11%         5

Your spell library contained the following spells:

 Spells                   Type           Power      Damage    Failure   Level
 Dazzling Flash           Conj/Hex       100%       N/A       1%          3
 Cigotuvi's Dreadful Rot  Necr/Pois/Air  40%        N/A       3%          2
 Cause Fear               Hex            22%        N/A       4%          4
 Iskenderun's Mystic Bla  Conj/Tloc      38%        2d9       7%          4
 Ignite Poison            Fire/Tmut/Pois 11%        N/A       12%         3
 Anguish                  Hex/Necr       13%        N/A       14%         4
 Silence                  Hex/Air        21%        N/A       16%         5
 Agony                    Necr           11%        N/A       75%         5
 Enfeeble                 Hex            22%        N/A       99%         7


Dungeon Overview and Level Annotations

Branches:
Dungeon (10/15)            Temple (0/1) D:4            Lair (0/5) D:10
  Sewer (visited)         Ossuary (visited)          Bailey (visited)
    Orc: D:9-12

Altars:
Fedhas
Gozag
Kikubaaqudgha
Makhleb
Sif Muna
Wu Jian
Xom


Innate Abilities, Weirdness & Mutations

You have a pair of large antennae on your head. (SInv)
You are mostly covered in large bone plates. (SH +6)
You are partially covered in sharp spines.
A meltable shield of frost defends you. (SH +4)


Message History

Your fulminant prism crackles loudly.
The boulder beetle leaps!
Your fulminant prism explodes!
You hear an angry buzzing noise. x3
Casting: Fulminant Prism (dangerous; 2% risk of failure)
Confirm with . or Enter, or press ? or * to list all spells.
Aiming: Freezing Cloud (dangerous; 11% risk of failure)
Press: ? - help, Dir - move target, f - boulder beetle
Aim: a boulder beetle (almost dead)
You miscast Freezing Cloud.
You are very lightly contaminated with residual magic.
You are caught in an explosion of ice and frost!
The boulder beetle curls into a ball and begins rolling!
Casting: Freezing Cloud (dangerous; 11% risk of failure)
Confirm with . or Enter, or press ? or * to list all spells.
Aiming: Fulminant Prism (dangerous; 2% risk of failure)
Press: ? - help, Dir - move target, p - boulder beetle You conjure a prism of explosive energy!
A fulminant prism comes into view.
Your fulminant prism crackles loudly.
The boulder beetle hits you!
* * * LOW HITPOINT WARNING * * *
The boulder beetle stops rolling and uncurls.
Your fulminant prism explodes!
The blast of energy engulfs the boulder beetle but does no damage.
The boulder beetle is almost dead.
Okay, then. [a] - 459 gold - lignification, might and resistance [b] - 575 gold - lignification, might, resistance and invisibility [c] - 290 gold - haste Purchase which effect?
You feel yourself speed up.
A centaur warrior comes into view.
The boulder beetle misses you.
An orc priest comes into view. It is wielding a +0 war axe.
Okay, then.
The centaur warrior wields a +0 shortbow.
The centaur warrior shoots an arrow.
The arrow hits you!!
You die...
Your body crumbles into a pile of gold.

#.# #.#.# *,......_....
##.###.#.## *##.#.......#
.._###....# ####..##.....##
##.###....# #......##...##.
#.# #....#
#####.......##.##..
##+###.####
##...##c......).....
.........##
#....<..............
.#.##.....#
#....B..>...).......
..........#
#..@.##....o##......
#####.....#
#....##.$...##......
##...#######..##......#......
##...##..###).##......#......
#..............$......#......
#
#.....................#......
##
##################...##..#**#
.#
**,,,**,,,**######.))##..###.
.#
*,,,,,,,{,,,#....#...#...#...


You could see a boulder beetle and a centaur warrior.

Vanquished Creatures
  A boulder beetle (D:10)
  A two-headed ogre (D:9)
  Pikel (D:4)
  A deep elf pyromancer (D:10)
  A gargoyle (D:10)
  Maurice (D:9)
  Maggie (D:9)
  An unseen horror (D:10)
  Psyche (D:9)
  A troll (D:10)
  3 wraiths
  A wyvern (D:9)
  A yak (D:10)
  A steam dragon (D:7)
  Menkaure (D:6)
  2 acid dragons
  2 water moccasins
  Pargi (Sewer)
  An orc warrior (D:9)
  An ice beast (D:8)
  A sky beast (D:6)
  3 black bears
  7 wolves (Bailey)
  2 ogres (D:5)
  4 centaurs
  3 lemures
  3 phantoms
  A kobold brigand (D:10)
  3 bullfrogs (D:9)
  8 gnoll sergeants (Bailey)
  4 scorpions
  2 elf skeletons (D:7)
  7 wights
  4 killer bees (D:7)
  3 howler monkeys
  6 hounds
  3 jellies
  4 orc priests
  8 gnoll boudas
  2 human skeletons (D:7)
  2 sleepcaps
  Ijyb (D:4)
  6 iguanas
  12 orc wizards
  10 adders
  15 gnolls
  2 shadow imps
  4 white imps
  2 ufetubi
  An adder zombie (Ossuary)
  6 worms
  2 dart slugs
  33 orcs
  8 endoplasms
  3 giant cockroaches
  12 goblins
  6 hobgoblins
  A jackal (D:4)
  7 quokkas
  6 ball pythons
  12 bats
  8 frilled lizards
  2 hobgoblin skeletons (Ossuary)
  2 hobgoblin zombies (Ossuary)
  6 kobolds
  4 orc skeletons
  2 orc zombies
  5 rats
  A butterfly (D:9)
283 creatures vanquished.

Vanquished Creatures (others)
  95 fulminant prisms
95 creatures vanquished.

Grand Total: 378 creatures vanquished

Notes
Turn   | Place    | Note
-------+----------+-------------------------------------------
     0 | D:1      | Graphine the Demonspawn Conjurer began the quest for the
                  | Orb.
     0 | D:1      | Reached XP level 1. HP: 13/13 MP: 3/3
   229 | D:1      | Gained mutation: You have a pair of small antennae on your
                  | head. [demonic ancestry]
   229 | D:1      | Reached XP level 2. HP: 20/20 MP: 1/5
   343 | D:1      | Learned a level 2 spell: Searing Ray
   391 | D:1      | Found a faded altar of an unknown god.
   402 | D:1      | Prayed at the altar of an unknown god.
   402 | D:1      | Became a worshipper of Gozag Ym Sagoz the Greedy
  1069 | D:1      | Gained mutation: You have a pair of antennae on your head.
                  | [demonic ancestry]
  1069 | D:1      | Reached XP level 3. HP: 25/25 MP: 4/6
  1401 | D:2      | Reached skill level 1 in Fighting
  1778 | D:2      | Reached XP level 4. HP: 32/32 MP: 5/7
  1917 | D:2      | Reached skill level 1 in Hexes
  2561 | D:2      | Found a shimmering altar of Xom.
  2635 | D:3      | Found a shimmering blue altar of Sif Muna.
  2702 | D:3      | Learned a level 4 spell: Fulminant Prism
  2787 | D:3      | Gained mutation: You have a pair of large antennae on your
                  | head. (SInv) [demonic ancestry]
  2787 | D:3      | Reached XP level 5. HP: 22/38 MP: 6/9
  3672 | D:4      | Gained mutation: You are partially covered in large bone
                  | plates. (SH +4) [demonic ancestry]
  3672 | D:4      | Reached XP level 6. HP: 31/44 MP: 0/10
  3935 | D:4      | Found a staircase to the Ecumenical Temple.
  4058 | D:4      | Noticed Ijyb
  4066 | D:4      | Killed Ijyb
  4075 | D:4      | Reached skill level 1 in Ice Magic
  4075 | D:4      | Reached skill level 1 in Air Magic
  4199 | D:4      | Reached skill level 5 in Conjurations
  4202 | D:4      | Reached XP level 7. HP: 51/51 MP: 3/12
  4588 | D:4      | Noticed Blork the orc
  4598 | D:4      | Blork the orc changed into Blork the jackal
  4598 | D:4      | Noticed Blork
  4600 | D:4      | Killed Blork the jackal
  4636 | D:4      | Noticed Sigmund
  4637 | D:4      | Sigmund changed into Sigmund the jelly
  4637 | D:4      | Noticed Sigmund
  4641 | D:4      | Killed Sigmund the jelly
  4965 | D:4      | Noticed Pikel
  4975 | D:4      | Killed Pikel
  4976 | D:4      | Gained mutation: You are mostly covered in large bone
                  | plates. (SH +6) [demonic ancestry]
  4976 | D:4      | Reached XP level 8. HP: 53/60 MP: 1/14
  5368 | D:5      | Entered Level 5 of the Dungeon
  6242 | D:5      | Identified the +3 leather armour of Shielding {rElec rC+
                  | Dex-4}
  6313 | D:5      | Reached skill level 6 in Conjurations
  6417 | D:5      | Identified the +0 plate armour "Rocweymod" {Will+ Str+4
                  | Stlth-}
  6418 | D:5      | Identified the +0 ring mail "Tumomuf" {Harm Dex-4 SInv
                  | Stlth+}
  6436 | D:5      | Learned a level 5 spell: Freezing Cloud
  7346 | D:6      | Identified the +2 sling "Kyessea" {freeze, rN+++ Int+7}
  7358 | D:6      | Reached XP level 9. HP: 60/66 MP: 11/16
  7366 | D:6      | Found a glowing drain.
  7367 | D:6      | Found a shimmering altar of Xom.
  7377 | Sewer    | Entered a sewer
  7478 | Sewer    | Noticed Pargi
  7488 | Sewer    | Killed Pargi
  7607 | D:6      | Reached skill level 5 in Spellcasting
  7900 | D:6      | Reached skill level 5 in Dodging
  7945 | D:6      | Noticed Menkaure
  7952 | D:6      | Killed Menkaure
  7953 | D:6      | Reached skill level 5 in Fighting
  9085 | D:7      | Found a sand-covered staircase.
  9097 | Ossuary  | Entered an ossuary
  9550 | Ossuary  | Reached skill level 7 in Conjurations
  9894 | D:7      | Found a burning altar of Makhleb.
  9899 | D:7      | Gained mutation: You are partially covered in sharp spines.
                  | [demonic ancestry]
  9899 | D:7      | Reached XP level 10. HP: 43/76 MP: 13/18
 10720 | D:8      | Found a blossoming altar of Fedhas.
 11462 | D:9      | Noticed Maggie
 11469 | D:9      | Killed Maggie
 11643 | D:9      | Noticed Maurice
 11653 | D:9      | Killed Maurice
 11879 | D:9      | Noticed a two-headed ogre
 11887 | D:9      | Killed a two-headed ogre
 12266 | D:9      | Noticed Psyche
 12273 | D:9      | Killed Psyche
 13252 | D:10     | Entered Level 10 of the Dungeon
 13305 | D:10     | Reached skill level 5 in Stealth
 13414 | D:10     | Found an ornate altar of the Wu Jian Council.
 13452 | D:10     | Reached skill level 8 in Conjurations
 13493 | D:10     | Noticed a deep elf pyromancer
 13493 | D:10     | Noticed a boulder beetle
 13651 | D:10     | Found a flagged portal.
 13657 | Bailey   | Entered a bailey
 13664 | Bailey   | Gained mutation: A meltable shield of frost defends you.
                  | (SH +4) [demonic ancestry]
 13664 | Bailey   | Reached XP level 11. HP: 70/83 MP: 13/21
 14315 | Bailey   | Identified the staff of earth "Fieq" {rPois rN+ MP+9 Str+3}
 14505 | D:10     | Reached skill level 5 in Hexes
 14510 | D:10     | Killed a boulder beetle
 14681 | D:10     | Found an ancient bone altar of Kikubaaqudgha.
 14746 | D:10     | Killed a deep elf pyromancer
 14752 | D:10     | Noticed a boulder beetle
 15066 | D:10     | Noticed a centaur warrior
 15067 | D:10     | Shot with an arrow by a centaur warrior

Illustrated notes

Levels and vault maps discovered:
D:1:      dpeg_arrival_rooms_with_view, layout_basic,
          hellmonk_ecumenical_altar_run_dry
D:2:      layout_loops_ring, basic_altar
D:3:      layout_loops_ring, general_overflow_altar
D:4:      layout_gridville, minmay_temple_entry_antechambers,
          minmay_lizard_king, uniq_sigmund, uniq_ijyb, uniq_blork_the_orc,
          uniq_pikel
D:5:      layout_loops_corners, zin_academy, due_unseen_surprise
D:6:      layout_basic, mainiacjoe_overflow_catwalk,
          cheibrodos_sewer_entry_sluice, kennysheep_generic_room_10,
          uniq_menkaure
D:7:      layout_rooms, kennysheep_little_box, nicolae_ossuary_entry_catacombs
D:8:      layout_loops_ring, fedhas_altar_2, dk_vineyard_2
D:9:      layout_layer_cave, tso_oasis_becter, nicolae_elyvilon_peaceful_grove,
          uniq_psyche, uniq_maggie, uniq_maurice
D:10:     layout_gridville, lemuel_doored_altar, lemuel_round_altar,
          dpeg_lair_monsters, enter_bailey_4, ebering_ghost_disaster_area,
          minmay_pinched_square

Skill      XL: |  1  2  3  4  5  6  7  8  9 10 11 |
---------------+----------------------------------+-----
Dodging        | 2 3 4 5 6 7 |  7.1
Stealth        | 2 3 4 5 |  5.3
Fighting       | 1 2 3 4 5 6 7 |  7.2
Hexes          | 1 2 3 4 5 |  5.1
Spellcasting   | 3 4 5 6 7 |  7.1
Ice Magic      | 1 2 3 4 |  4.5
Air Magic      | 1 2 3 4 |  4.4
Conjurations   | 5 6 7 8 |  8.4
Evocations     | |  0.3

Action                     |  1- 3 |  4- 6 |  7- 9 | 10-12 || total
---------------------------+-------+-------+-------+-------++-------
  Melee: Dagger            |    12 |    18 |    19 |       ||    49
         Unarmed           |     2 |       |       |       ||     2
         Punch             |     1 |       |       |       ||     1
   Fire: Sling             |       |       |     5 |    91 ||    96
   Cast: Magic Dart        |    67 |    52 |    48 |    27 ||   194
         Searing Ray       |     4 |    16 |    53 |    21 ||    94
         Fulminant Prism   |       |       |    35 |    60 ||    95
         Freezing Cloud    |       |       |       |     3 ||     3
 Invoke: Potion Petition   |       |       |       |     1 ||     1
  Evoke: Wand              |       |       |    16 |     7 ||    23
    Use: Scroll            |     4 |     6 |     6 |     4 ||    20
         Potion            |       |     1 |       |     3 ||     4
   Stab: Sleeping          |       |     1 |       |       ||     1
 Armour: Robe              |     4 |     4 |     6 |     3 ||    17
  Dodge: Dodged            |    23 |    34 |   108 |    60 ||   225
  Block: Other             |       |     5 |    31 |    33 ||    69
